 Dungeon Crawl Stone Soup version 0.30.0-29-ga12c61a403 (webtiles) character file.

Game seed: 15383338641896471433

3467 hawla the Thaumaturge (level 10, -1/74 HPs)
             Began as a Meteoran Fire Elementalist on June 12, 2023.
             Slain by wingedge's ghost (16 damage)
             ... on level 7 of the Dungeon.
             The game lasted 00:15:45 (3353 turns).

hawla the Thaumaturge (Meteoran Fire Elementalist)  Turns: 3353, Time: 00:15:46

Health: -1/74      AC:  3    Str:  7 (10) XL:     10   Next: 51%
Magic:  2/25       EV: 13    Int: 21 (22) God:
Gold:   297        SH:  0    Dex: 11 (14) Spells: 23/30 levels left

rFire   . . .        b - +4 flail (freeze)
rCold   . . .        (no shield)
rNeg    . . .        a - +0 robe
rPois   .            (no helmet)
rElec   .            (no cloak)
rCorr   .            u - +0 pair of gloves
SInv    +            (no boots)
Will    +....        v - amulet of regeneration
Stlth   +            o - ring of wizardry
HPRegen 1.12/turn    p - ring of see invisible
MPRegen 0.19/turn

%: wizardry (x1)
@: attractive, flying, glowing
A: sense surroundings 2, otherworldly, glowing, explore regen
a: no special abilities


You were on level 7 of the Dungeon.
You visited 2 branches of the dungeon, and saw 8 of its levels.

You collected 297 gold pieces.

Inventory:

Hand Weapons
 b - a +4 flail of freezing (weapon)
Armour
 a - a +0 robe (worn)
 u - a +0 pair of gloves (worn)
Jewellery
 o - a ring of wizardry (left hand)
 p - a ring of see invisible (right hand)
 v - an amulet of regeneration (around neck)
Wands
 w - a wand of charming (8) (quivered)
 x - a wand of polymorph (7)
Scrolls
 c - 3 scrolls of identify
 f - a scroll of enchant weapon
 g - a scroll of brand weapon {unknown}
 i - 2 scrolls of immolation {unknown}
 k - a scroll of silence {unknown}
 q - 2 scrolls of teleportation
 t - a scroll of enchant armour {unknown}
 y - a scroll of vulnerability {unknown}
 A - a scroll of fear {unknown}
Potions
 d - 4 potions of haste
 e - 2 potions of degeneration
 h - a potion of heal wounds {unknown}
 l - a potion of invisibility {unknown}
 m - a potion of lignification {unknown}
 n - a potion of attraction
 r - 2 potions of flight
 s - a potion of might {unknown}
 z - a potion of resistance {unknown}


   Skills:
 + Level 2.3 Fighting
 + Level 1.9 Maces & Flails
 + Level 4.1 Dodging
 - Level 1.4 Stealth
 + Level 10.7 Spellcasting
 + Level 7.3 Conjurations
 + Level 9.9 Fire Magic
 + Level 3.0 Evocations


You had 23 spell levels left.
You knew the following spells:

 Your Spells              Type           Power      Damage    Failure   Level
a - Foxfire               Conj/Fire      100%       2x1d9     1%          1
b - Scorch                Fire           100%       2d9       1%          2
c - Flame Wave            Conj/Fire      47%        2d12      1%          4

Your spell library contained the following spells:

 Spells                   Type           Power      Damage    Failure   Level
 Inner Flame              Hex/Fire       32%        N/A       1%          3
 Volatile Blastmotes      Fire/Tloc      64%        2d15      1%          3
 Beastly Appendage        Tmut           22%        N/A       2%          1
 Blink                    Tloc           22%        N/A       3%          2
 Wereblood                Tmut           11%        N/A       3%          2
 Spider Form              Tmut/Pois      11%        N/A       8%          3
 Manifold Assault         Tloc           11%        N/A       24%         4
 Storm Form               Tmut/Air       5%         N/A       100%        7


Dungeon Overview and Level Annotations

Branches:
Dungeon (7/15) Zot: 1315   Temple (1/1) D:4 Zot: 131

Altars:
Ashenzari
Cheibriados
Elyvilon
Gozag
Hepliaklqana
Kikubaaqudgha
Makhleb
Nemelex Xobeh
Okawaru
Qazlal
Sif Muna
Uskayaw
Xom
Yredelemnul
Zin
The Shining One

Shops:
D:7 (

Annotations:
D:7 wingedge's ghost, novice HuWn


Innate Abilities, Weirdness & Mutations

You passively map the area around you.
You are easily found by Zot.
You glow in the dark.
You regain HP and MP as you explore.


Message History

Casting: Flame Wave (mildly dangerous; 1% risk of failure)
Confirm with . or Enter, or press ? or * to list all spells.
You conjure some foxfire!
Wingedge's ghost hits you but does no damage.
You hit wingedge's ghost but do no damage.
Wingedge's ghost is almost destroyed.
Wingedge's ghost is no longer more vulnerable to fire.
The foxfire hits wingedge's ghost but does no damage.
Wingedge's ghost is almost destroyed.
The foxfire hits wingedge's ghost but does no damage.
Wingedge's ghost is almost destroyed.
Wingedge's ghost closely misses you.
You hit wingedge's ghost but do no damage.
Wingedge's ghost is almost destroyed.
Wingedge's ghost hits you!
* * * LOW HITPOINT WARNING * * *
You feel better. Wingedge's ghost hits you!
* * * LOW HITPOINT WARNING * * *
It was a potion of degeneration.
There was something very wrong with that liquid.
You feel weakened.
You feel dopey.
You feel clumsy.
Wingedge's ghost hits you but does no damage.
It was a potion of attraction.
You feel attractive to monsters. Wingedge's ghost barely misses you.
It was a potion of flight.
You feel very buoyant.
You fly up into the air.
Wingedge's ghost misses you.
As you read the scroll labelled USOATHR OSOO, it crumbles to dust.
You feel strangely unstable.
It was a scroll of teleportation.
Wingedge's ghost hits you.
* * * LOW HITPOINT WARNING * * *
Wingedge's ghost screams, "You will join me soon!"
Your surroundings suddenly seem different.
Wingedge's ghost is attracted toward you.
As you read the scroll labelled QEDWOT XISAFICW, it crumbles to dust.
It is a scroll of enchant weapon.
Your +3 flail of freezing glows red for a moment.
Wingedge's ghost hits you!
You die...

###......######
######.#.####.......
####........## #####.(.
#..........<.# #...
#.##.####.#..# #... #.##.#
#.#..# #... ###.##.#
#.#..#######.<.
#......####..............
########......#@......#.###.##..
#..............W))).....# #..#..
#.######......#.#####...###..###
#.# #......#.# #.<......### #.#
##......ยง#####..##....... #.#
#..............#####.### #.#
#.#...########.## ##.##
#.#######.##'##.........###...##
#.......#.#.($######............


You could see wingedge's ghost.

Vanquished Creatures
  Pikel (D:6)
  2 ice beasts
  An orc warrior (D:7)
  2 sky beasts
  2 black bears
  An ogre (D:6)
  A centaur (D:7)
  4 lemures (D:6)
  A phantom (D:6)
  3 bullfrogs
  A gnoll sergeant (D:6)
  8 scorpions
  9 wights
  3 killer bees (D:7)
  2 howler monkeys (D:6)
  A jelly (D:5)
  A gnoll bouda (D:7)
  2 orc priests (D:5)
  6 hounds
  A sleepcap (D:7)
  6 iguanas
  3 orc wizards (D:7)
  7 gnolls
  5 adders
  2 white imps
  2 ufetubi
  A worm (D:4)
  2 dart slugs (D:4)
  16 orcs
  3 endoplasms (D:4)
  6 goblins (D:4)
  3 hobgoblins
  5 jackals (D:4)
  4 kobolds (D:4)
  4 quokkas
  3 training dummies (D:7)
  9 ball pythons
  A bat (D:3)
  A frilled lizard (D:2)
  2 rats (D:2)
137 creatures vanquished.

Vanquished Creatures (others)
  274 foxfires
274 creatures vanquished.

Grand Total: 411 creatures vanquished

Notes
Turn   | Place    | Note
-------+----------+-------------------------------------------
     0 | D:1      | hawla the Meteoran Fire Elementalist began the quest for
                  | the Orb.
     0 | D:1      | Reached XP level 1. HP: 14/14 MP: 5/5
   110 | D:2      | Reached XP level 2. HP: 20/20 MP: 4/6
   125 | D:3      | Learned a level 2 spell: Scorch
   134 | D:3      | Reached skill level 3 in Spellcasting
   162 | D:3      | Found a broken altar of Ashenzari.
   190 | D:4      | Reached XP level 3. HP: 26/26 MP: 4/8
   198 | D:5      | Entered Level 5 of the Dungeon
   203 | D:5      | Reached XP level 4. HP: 33/33 MP: 3/10
   208 | D:5      | Learned a level 4 spell: Flame Wave
   231 | D:6      | Noticed a gnoll sergeant
   314 | D:4      | Noticed a scorpion
   318 | D:4      | Killed a scorpion
   319 | D:4      | Reached XP level 5. HP: 38/38 MP: 4/11
   345 | D:4      | Reached XP level 6. HP: 45/45 MP: 2/12
   466 | D:4      | Found a glowing silver altar of Zin.
   590 | D:4      | Reached skill level 4 in Spellcasting
   613 | D:4      | Reached skill level 5 in Fire Magic
   753 | D:4      | Reached skill level 5 in Conjurations
   806 | D:4      | Reached XP level 7. HP: 50/50 MP: 7/14
  1043 | D:4      | Found a staircase to the Ecumenical Temple.
  1051 | Temple   | Entered the Ecumenical Temple
  1584 | D:5      | Reached skill level 5 in Spellcasting
  1588 | D:5      | Reached XP level 8. HP: 31/57 MP: 4/17
  1613 | D:5      | Found a sparkling altar of Nemelex Xobeh.
  1623 | D:5      | Reached skill level 6 in Spellcasting
  2044 | D:6      | Gained mutation: You passively map the area around you.
                  | [Meteoran growth]
  2044 | D:6      | Reached XP level 9. HP: 47/63 MP: 11/20
  2045 | D:6      | Reached skill level 1 in Fighting
  2045 | D:6      | Reached skill level 7 in Spellcasting
  2272 | D:6      | Reached skill level 8 in Spellcasting
  2363 | D:6      | Reached skill level 9 in Spellcasting
  2605 | D:6      | Noticed Pikel
  2610 | D:6      | Killed Pikel
  2611 | D:6      | Reached skill level 1 in Maces & Flails
  2611 | D:6      | Reached skill level 10 in Spellcasting
  2611 | D:6      | Reached XP level 10. HP: 73/73 MP: 9/25
  2666 | D:6      | Reached skill level 1 in Evocations
  2731 | D:7      | Found a runed translucent door.
  2731 | D:7      | Noticed wingedge's ghost (novice HuWn)
  2823 | D:7      | Found Qoanog's Firing Range.
  3353 | D:7      | Slain by wingedge's ghost

Illustrated notes

Levels and vault maps discovered:
D:1:      dpeg_arrival_pits, layout_basic, minmay_crystal_room
D:2:      layout_basic, corexii_shack, guppyfry_early_orc_mine
D:3:      layout_rooms, ashenzari_altar_1, gammafunk_temple_overflow_claw,
          minmay_misc_feat_encased, minmay_fountain_box, cheibrodos_gnoll_hut,
          uniq_crazy_yiuf_cottage
D:4:      minmay_razor_zed, layout_cave_pools, mainiacjoe_overflow_catwalk,
          minmay_temple_entry_purple_smoke, kennysheep_cross_room,
          kennysheep_generic_room_6
D:5:      layout_cave_pools, mainiacjoe_overflow_24_doors,
          hangedman_decor_peaks_small
D:6:      layout_gridville, serial_park_tiny_1, uniq_pikel
D:7:      layout_loops_ring, gammafunk_ghost_grave, nicolae_shop_firing_range
Temple:   oiseaux_autumnal_temple

Skill      XL: |  1  2  3  4  5  6  7  8  9 10 |
---------------+-------------------------------+-----
Fire Magic     | 4 5 6 7 9 |  9.9
Spellcasting   | 3 4 5 6 10 | 10.7
Conjurations   | 4 5 6 7 |  7.3
Dodging        | 3 4 |  4.1
Fighting       | 1 2 |  2.3
Maces & Flails | 1 |  1.9
Evocations     | 3 |  3.0
Stealth        | |  1.4

Action                     |  1- 3 |  4- 6 |  7- 9 | 10-12 || total
---------------------------+-------+-------+-------+-------++-------
  Melee: Unarmed           |     1 |     3 |       |       ||     4
         Flail             |       |       |    24 |    12 ||    36
         Punch             |       |       |     3 |       ||     3
   Cast: Foxfire           |    26 |    41 |    71 |    26 ||   164
         Scorch            |     2 |    13 |    47 |    15 ||    77
         Flame Wave        |       |     1 |    16 |     9 ||    26
    Use: Potion            |       |       |     2 |     5 ||     7
         Scroll            |       |       |     1 |     2 ||     3
 Armour: Robe              |     2 |     1 |    10 |    10 ||    23
  Dodge: Dodged            |     1 |     5 |    34 |    21 ||    61
